 Dungeon Crawl Stone Soup version 0.29-a0-43-g62a80824bf (webtiles) character file.

Game seed: 16074212756032524114

162 wakim the Chucker (level 5, 0/50 HPs)
             Began as a Troll Hunter on Feb 2, 2022.
             Slain by a steam dragon (2 damage)
             ... on level 4 of the Dungeon.
             The game lasted 00:08:58 (3082 turns).

wakim the Chucker (Troll Hunter)                    Turns: 3082, Time: 00:08:58

Health: 0/50       AC:  5    Str: 20    XL:     5   Next: 19%
Magic:  13/13      EV: 10    Int:  7    God:
Gold:   146        SH:  0    Dex: 12    Spells: 4/4 levels left

rFire   . . .      SeeInvis .     - Unarmed
rCold   . . .      Faith    .   (no shield)
rNeg    . . .      Spirit   .   e - +0 robe
rPois   .          Reflect  .   (helmet restricted)
rElec   .          Harm     .   R - +0 cloak
rCorr   +          Rampage  .   (gloves unavailable)
Will    .....                   (boots unavailable)
Stlth   +.........              (no amulet)
HPRegen 0.96/turn               V - ring of magical power
MPRegen 0.13/turn               U - ring of resist corrosion

@: no status effects
A: large, unfitting armour, claws 3, regeneration 1, shaggy fur 1, tough skin 1
a: no special abilities


You were on level 4 of the Dungeon.
You visited 1 branch of the dungeon, and saw 4 of its levels.

You collected 146 gold pieces.

Inventory:

Missiles
 c - 5 large rocks {=f}
 d - 2 throwing nets {=f!f}
 s - 23 stones (quivered)
 T - 3 poisoned darts
Armour
 e - a +0 robe (worn)
 R - a +0 cloak (worn)
Jewellery
 S - a ring of ice
 U - a ring of resist corrosion (right claw)
 V - a ring of magical power (left claw)
Scrolls
 Z - a scroll of silence {!r}
Potions
 B - 3 potions of attraction {!q}
 C - a potion of berserk rage {!q}
 G - 2 potions of flight
 N - 2 potions of might
 X - a potion of curing {unknown}


   Skills:
 + Level 2.3 Fighting
 + Level 4.1 Throwing
 + Level 2.4 Dodging
 - Level 0.3 Stealth
 * Level 3.0 Unarmed Combat


You had 4 spell levels left.
You didn't know any spells.
Your spell library contained the following spells:

 Spells                   Type           Power      Damage    Failure   Level
 Summon Small Mammal      Summ           0%         N/A       43%         1
 Corpse Rot               Necr/Air       0%         N/A       56%         2
 Poisonous Vapours        Pois/Air       0%         N/A       56%         2
 Call Canine Familiar     Summ           0%         N/A       80%         3
 Summon Guardian Golem    Hex/Summ       0%         N/A       80%         3


Dungeon Overview and Level Annotations

Branches:
Dungeon (4/15)
 Temple: D:4-7

Altars:


Innate Abilities, Weirdness & Mutations

You are too large for most types of armour.
You have claws for hands.
Your natural rate of healing is unusually fast.
You are covered in fur. (AC +1)
You have tough skin. (AC +1)


Message History

You claw the dart slug!
You kill the dart slug!
Found 22 stones.
s - 23 stones (gained 22)
A steam dragon comes into view.
The steam dragon hisses angrily.
You scratch the steam dragon but do no damage.
The steam dragon breathes steam at you. The ball of steam hits you!
You scratch the steam dragon.
The steam dragon is lightly wounded.
You are engulfed in a cloud of scalding steam.
The steam dragon breathes steam at you. The ball of steam hits you!
* * * LOW HITPOINT WARNING * * *
The steam dragon bites you.
* * * LOW HITPOINT WARNING * * *
The steam dragon claws you.
* * * LOW HITPOINT WARNING * * *
You scratch the steam dragon but do no damage.
The steam dragon is lightly wounded.
The steam dragon breathes steam at you. The ball of steam hits you!
* * * LOW HITPOINT WARNING * * *
Okay, then.
You barely miss the steam dragon.
The steam dragon is lightly wounded.
You are engulfed in a cloud of scalding steam.
* * * LOW HITPOINT WARNING * * *
You scratch the steam dragon but do no damage.
The steam dragon is lightly wounded.
You are engulfed in a cloud of scalding steam.
* * * LOW HITPOINT WARNING * * *
The steam dragon closely misses you. The steam dragon claws you.
* * * LOW HITPOINT WARNING * * *
The steam dragon bites you.
* * * LOW HITPOINT WARNING * * *
The steam dragon closely misses you. The steam dragon barely misses you.
The steam dragon claws you.
You die...

.........^#..#####............###
##.)..###......##...........#.# #
.#..#####.........#.......###..##
...#####.......#####.....#####..#
.....#........##.####....###....#
.#......##..§..##.###.....##.#...
.##....###..§...#..#..###.......#
.##...## #.....§.§..............#
###...# #...###@......###.......
##....# #..## #.D.##..###......#
##....# ..# ##..####..........#
......# #...# #..........#
.#......# .###...####.....#.....
####...... #.#..#..##......##....
# ...... #...[..........#....# #
#....# .....................# ##
...###...#................##


You could see a steam dragon.

Vanquished Creatures
  Crazy Yiuf (D:3)
  An iguana (D:4)
  5 adders
  2 worms
  2 dart slugs
  An orc (D:3)
  5 bats
  7 endoplasms
  A giant cockroach (D:3)
  3 goblins
  5 hobgoblins
  2 jackals (D:3)
  A quokka (D:1)
  5 ball pythons
  A frilled lizard (D:2)
  5 kobolds
  4 rats
51 creatures vanquished.

Notes
Turn   | Place    | Note
-------+----------+-------------------------------------------
     0 | D:1      | wakim the Troll Hunter began the quest for the Orb.
     0 | D:1      | Reached XP level 1. HP: 19/19 MP: 0/0
   257 | D:1      | Reached XP level 2. HP: 28/28 MP: 1/1
   258 | D:1      | Reached skill level 1 in Unarmed Combat
  1295 | D:2      | Reached XP level 3. HP: 24/35 MP: 2/2
  1953 | D:3      | Reached skill level 4 in Throwing
  1953 | D:3      | Reached XP level 4. HP: 42/42 MP: 3/3
  2294 | D:3      | Found a runed translucent door.
  2295 | D:3      | Noticed Crazy Yiuf
  2554 | D:3      | Killed Crazy Yiuf
  2822 | D:4      | Reached XP level 5. HP: 43/50 MP: 4/4
  3048 | D:4      | Noticed a steam dragon
  3081 | D:4      | HP: 1/50 [steam dragon (5)]
  3082 | D:4      | Slain by a steam dragon

Illustrated notes

Levels and vault maps discovered:
D:1:      heliophobic_arrival_enchanted_forest, layout_basic
D:2:      layout_basic, minmay_tromino_i2
D:3:      layout_rooms, serial_aquarium, aquarium_bridge_square
          [aquarium_subvault_wall, aquarium_subvault_bridge,
          aquarium_subvault_bridge, aquarium_subvault_window],
          aquarium_bridge_straight [aquarium_subvault_bridge,
          aquarium_subvault_window, aquarium_subvault_bridge,
          aquarium_subvault_balcony], aquarium_window_1, aquarium_window_fake,
          aquarium_view_2a, aquarium_view_2e, aquarium_balcony_5b,
          aquarium_pool_2, chequers_serial_rivers_small_b,
          uniq_crazy_yiuf_cottage
D:4:      layout_layer_cave, moated_statue, hangedman_feature_mirror,
          kennysheep_flooded_box

Skill      XL: |  1  2  3  4  5 |
---------------+----------------+-----
Unarmed Combat | 1 2 3 |  3.0
Fighting       | 2 |  2.3
Dodging        | 2 |  2.4
Throwing       | 4 |  4.1
Stealth        | |  0.3

Action                   |  1- 3 |  4- 6 || total
-------------------------+-------+-------++-------
Melee: Unarmed           |   125 |    44 ||   169
       Punch             |     1 |     4 ||     5
  Use: Scroll            |     5 |     4 ||     9
Armor: Robe              |    46 |    14 ||    60
Dodge: Dodged            |    70 |    10 ||    80

Table legend: (Time is in decaauts)
 A = Elapsed time spent in this place.
 B = Non-inter-level travel time spent in this place.
 C = Inter-level travel time spent in this place.
 D = Time resting spent in this place.
 E = Time spent auto-exploring this place.
 F = Levels seen in this place.
 G = Mean time per level.
                   A        B        C        D        E       F      G
               +--------+--------+--------+--------+--------+-----+--------+
         Total |   3075 |   2931 |    144 |      0 |   2342 |   4 |  768.8 |
       Dungeon |   3075 |   2931 |    144 |      0 |   2342 |   4 |  768.8 |
               +--------+--------+--------+--------+--------+-----+--------+

Top non-repeatable levels by time:
     D:2: 921 daAuts
     D:1: 907 daAuts
     D:3: 785 daAuts
     D:4: 461 daAuts
